 Dungeon Crawl Stone Soup version 0.25.1-8-g42b30a86e7 (webtiles) character file.

Game seed: 17677833594912639890

4960 Gabide the Slasher (level 10, -2/74 HPs)
             Began as a Human Abyssal Knight on Dec 8, 2020.
             Was a High Priest of Lugonu.
             Slain by an orc warrior
             ... wielding a +0 mace
              (13 damage)
             ... on level 8 of the Dungeon.
             The game lasted 00:35:50 (12337 turns).

Gabide the Slasher (Human Abyssal Knight)          Turns: 12337, Time: 00:35:50

Health: -2/74      AC: 11    Str: 16    XL:     10   Next: 82%
Magic:  11/15      EV:  7    Int: 12    God:    Lugonu [*****.]
Gold:   304        SH:  4    Dex: 13    Spells: 9/9 levels left

rFire    . . .     SeeInvis .   a - +1 falchion
rCold    + . .     Gourm    .   z - +0 buckler
rNeg     . . .     Faith    +   d - +0 chain mail
rPois    .         Spirit   .   (no helmet)
rElec    .         Reflect  .   i - +0 cloak
rCorr    .         Harm     .   (no gloves)
MR       +....                  (no boots)
Stlth    ..........             g - amulet of faith
HPRegen  0.22/turn              r - ring of protection from magic
MPRegen  0.14/turn              s - ring of protection from cold

@: lethally poisoned (-2 -> -3), drained
A: no striking features
a: Depart the Abyss, Bend Space, Banish, Corrupt, Enter the Abyss, Renounce
Religion


You were on level 8 of the Dungeon.
You worshipped Lugonu.
Lugonu was extremely pleased with you.
You were not hungry.

You visited 1 branch of the dungeon, and saw 8 of its levels.
You visited the Abyss 1 time.

You collected 304 gold pieces.

Inventory:

Hand Weapons
 a - a +1 falchion (weapon)
Missiles
 k - 33 poisoned darts
 C - 4 silver boomerangs (quivered)
Armour
 d - a +0 chain mail (worn)
 i - a +0 cloak (worn)
 z - a +0 buckler (worn)
 G - a scarf of harm
Jewellery
 g - an amulet of faith (around neck)
 j - a +6 ring of intelligence
 o - an uncursed amulet of magic regeneration {unknown}
 r - a ring of protection from magic (left hand)
 s - a ring of protection from cold (right hand)
 t - an uncursed amulet of guardian spirit {unknown}
Wands
 l - a wand of iceblast (5)
 x - a wand of digging (3)
Scrolls
 v - a scroll of magic mapping
 w - 2 scrolls of identify
 B - 3 scrolls of teleportation
 D - 2 scrolls of torment
 H - a scroll of remove curse
Potions
 b - a potion of cancellation
 c - a potion of resistance
 e - 2 potions of mutation
 f - 2 potions of curing
 h - a potion of berserk rage
 m - 3 potions of degeneration {unknown}
 n - a potion of brilliance {unknown}
 p - 5 potions of heal wounds
 q - a potion of lignification {unknown}
 u - a potion of magic {unknown}
 E - 2 potions of haste {unknown}
 F - a potion of flight {unknown}
Comestibles
 A - 7 rations
 I - 10 chunks of flesh


   Skills:
 + Level 5.4(4.8) Fighting
 + Level 7.6(7.0) Long Blades
 + Level 7.0(6.4) Throwing
 + Level 6.3(5.7) Armour
 + Level 3.0(2.4) Dodging
 * Level 3.9(3.3) Shields
 + Level 7.4(6.8) Invocations


You had 9 spell levels left.
You didn't know any spells.
Your spell library contained the following spells:

 Spells                   Type           Power        Failure   Level  Hunger
 Magic Dart               Conj           #...         99%         1    ##.....
 Summon Small Mammal      Summ           #...         99%         1    ##.....
 Blink                    Tloc           N/A          100%        2    ###....
 Call Imp                 Summ           #.......     100%        2    ###....
 Slow                     Hex            #.......     100%        2    ###....
 Call Canine Familiar     Summ           #.......     100%        3    ####...
 Conjure Flame            Conj/Fire      #.......     100%        3    ####...
 Mephitic Cloud           Conj/Pois/Air  #.......     100%        3    ####...
 Summon Guardian Golem    Hex/Summ       #.......     100%        3    ####...
 Summon Ice Beast         Ice/Summ       #.......     100%        4    #####..
 Summon Lightning Spire   Summ/Air       #.......     100%        4    #####..


Dungeon Overview and Level Annotations

Branches:
Dungeon (8/15)             Temple (0/1) D:6
   Lair: D:8-11

Altars:
Cheibriados
Gozag
Nemelex Xobeh
Ru
Sif Muna

Annotations:
D:4 3 runed translucent doors, Sensen's ghost, novice GrEE


Message History

The orc warrior is lightly wounded.
The orc warrior hits you with a +0 mace.
An orc comes into view. It is wielding a +0 flail.
You closely miss the orc warrior.
The orc warrior is lightly wounded.
You feel sick.
The orc shouts!
The orc warrior hits you with a +0 mace!!
* * * LOW HITPOINT WARNING * * *
An orc comes into view.
It is wielding a +0 whip and carrying a wand of enslavement (6).
Okay, then.
Press: ? - help, Shift-Dir - straight line, f/p - orc warrior
Aim: an orc warrior, wielding a +0 mace, wearing a cursed -1 plate armour and quivering 11 poisoned darts (lightly wounded, strong, chance to defeat MR: 84%)
The orc warrior barely resists.
You feel somewhat more hungry.
The orc warrior hits you but does no damage.
Press: ? - help, Shift-Dir - straight line, f/p - orc warrior
Aim: an orc warrior, wielding a +0 mace, wearing a cursed -1 plate armour and quivering 11 poisoned darts (lightly wounded, strong, chance to defeat MR: 84%)
You fail to use your ability.
The orc warrior hits you with a +0 mace!
You die...

#..)...# #......#
+......# #..)...#
#......# #......#
#..(...# #(o.o..#
..........#@#######
.......)..#........
...o...l..#........
..........#........
o....)....#....>.(%
..........#........
..........#........
#........ #...##...


You could see an orc warrior (strong) and an orc.

Vanquished Creatures
  Pikel (D:5)
  A human (D:7)
  6 yaks
  3 hogs (D:7)
  Menkaure (D:6)
  Duvessa (D:3)
  2 sky beasts
  An orc warrior (D:8)
  4 ogres
  2 slaves (D:4)
  3 phantoms (D:5)
  2 centaurs (D:7)
  A big kobold (D:5)
  5 bullfrogs
  Dowan (D:3)
  2 scorpions
  3 wights (D:7)
  A howler monkey (D:6)
  A bullfrog zombie (D:5)
  A crimson imp (D:6)
  4 jellies
  3 hounds
  A centaur zombie (D:8)
  2 gnoll shamans
  3 orc priests
  A bullfrog skeleton (D:5)
  Ijyb (D:3)
  An iguana (D:8)
  3 worker ants
  Natasha (thrice) (D:2)
  An orc wizard (D:3)
  A hound zombie (D:7)
  A hound skeleton (D:5)
  A howler monkey zombie (D:6)
  2 worker ant zombies
  12 adders
  10 gnolls
  3 worms
  3 dart slugs (D:1)
  5 leopard geckos
  23 orcs
  3 ball pythons
  2 giant cockroaches
  11 goblins
  6 hobgoblins
  11 jackals
  2 quokkas
  5 bats
  6 frilled lizards
  3 jackal skeletons
  10 kobolds
  9 rats
194 creatures vanquished.

Vanquished Creatures (others)
  A slave (D:5)
  2 wights (D:7)
  A hound zombie (D:5)
  2 orcs (D:5)
  2 jackals (D:5)
8 creatures vanquished.

Grand Total: 202 creatures vanquished

Notes
Turn   | Place    | Note
-------+----------+-------------------------------------------
     0 | Abyss:1  | Gabide the Human Abyssal Knight began the quest for the
                  | Orb.
     0 | Abyss:1  | Reached XP level 1. HP: 18/18 MP: 2/2
    15 | D:1      | Escaped the Abyss
   150 | D:1      | Reached XP level 2. HP: 22/24 MP: 3/3
   534 | D:1      | Reached XP level 3. HP: 29/29 MP: 4/4
   741 | D:1      | Reached ** piety under Lugonu
  1520 | D:2      | Noticed Natasha
  1531 | D:2      | Killed Natasha
  1531 | D:2      | Reached skill level 1 in Throwing
  1531 | D:2      | Reached XP level 4. HP: 18/35 MP: 5/5
  1983 | D:2      | Noticed Natasha
  1995 | D:2      | Killed Natasha
  1995 | D:2      | Reached XP level 5. HP: 28/41 MP: 6/6
  2002 | D:2      | Noticed Natasha
  2008 | D:2      | Killed Natasha
  2692 | D:3      | Found a snail-covered altar of Cheibriados.
  2971 | D:3      | Reached *** piety under Lugonu
  2989 | D:3      | Reached XP level 6. HP: 26/47 MP: 6/8
  3651 | D:3      | Noticed Ijyb
  3692 | D:3      | Killed Ijyb
  4033 | D:3      | Found a sacrificial altar of Ru.
  4200 | D:4      | Noticed Duvessa
  4200 | D:4      | Noticed Dowan
  4490 | D:3      | Killed Duvessa
  4490 | D:3      | Reached XP level 7. HP: 32/53 MP: 9/9
  4495 | D:3      | Killed Dowan
  4672 | D:4      | Reached skill level 5 in Long Blades
  4825 | D:4      | Found an opulent altar of Gozag.
  4840 | D:4      | Reached **** piety under Lugonu
  5175 | D:4      | Reached XP level 8. HP: 50/60 MP: 11/11
  5558 | D:4      | Found a runed translucent gate.
  5559 | D:4      | Found a runed translucent gate.
  5559 | D:4      | Identified the +4 dagger of the Hand {venom, +Blink}
  5560 | D:4      | Noticed Sensen's ghost (novice GrEE)
  5560 | D:4      | Found a runed translucent gate.
  5705 | D:5      | Entered Level 5 of the Dungeon
  6695 | D:5      | Reached skill level 5 in Invocations
  6940 | D:5      | Noticed Pikel
  6956 | D:5      | Killed Pikel
  6956 | D:5      | Reached XP level 9. HP: 64/66 MP: 11/13
  7873 | D:6      | Reached skill level 5 in Armour
  7959 | D:6      | Found a staircase to the Ecumenical Temple.
  8748 | D:6      | Found a shimmering blue altar of Sif Muna.
  8748 | D:6      | Found a sacrificial altar of Ru.
  8770 | D:6      | Noticed Menkaure
  8774 | D:6      | Killed Menkaure
  8774 | D:6      | Reached skill level 5 in Fighting
  8774 | D:6      | Reached skill level 1 in Shields
  8806 | D:6      | Reached skill level 5 in Throwing
  8916 | D:6      | Reached ***** piety under Lugonu
  9418 | D:7      | Found a sparkling altar of Nemelex Xobeh.
  9513 | D:7      | Reached XP level 10. HP: 68/74 MP: 12/14
 12337 | D:8      | Slain by an orc warrior

Illustrated notes

Levels and vault maps discovered:
D:1:      lemuel_arrival_behind_the_door_large, layout_loops_corners,
          kennysheep_doodads, minmay_misc_feat_room,
          hangedman_decor_clover_reticule, minivault_23, minmay_misc_feat_iff,
          minmay_cupped
D:2:      layout_basic, uniq_natasha
D:3:      layout_loops_corners, lemuel_crystal_altar, first_ration,
          nicolae_ru_path_of_blood, uniq_ijyb
D:4:      layout_rooms, kennysheep_little_box, gammafunk_ghost_nasty_kobolds,
          uniq_duvessa
D:5:      layout_basic, uniq_pikel
D:6:      layout_rooms, grunt_temple_overflow_open,
          minmay_temple_entry_large_hall, uniq_menkaure
D:7:      layout_cave_pools, nemelex_xobeh_ov_fountains_minmay, grunt_livestock
D:8:      layout_gridville, elyvilon_altar_5, nicolae_ashenzari_panopticon,
          uniq_psyche

Skill      XL: |  1  2  3  4  5  6  7  8  9 10 |
---------------+-------------------------------+-----
Long Blades    | 3 4 5 6 7 |  7.6
Throwing       | 1 2 3 4 5 7 |  7.0
Invocations    | 3 4 5 6 7 |  7.4
Armour         | 3 4 5 6 |  6.3
Fighting       | 4 5 |  5.4
Dodging        | 2 3 |  3.0
Shields        | 1 3 |  3.9

Action                   |  1- 3 |  4- 6 |  7- 9 | 10-12 || total
-------------------------+-------+-------+-------+-------++-------
Melee: Falchion          |   106 |   166 |   428 |   175 ||   875
Throw: Stone             |     9 |     2 |    50 |       ||    61
       Dart              |       |    70 |    90 |    76 ||   236
       Boomerang         |       |       |    37 |    39 ||    76
Invok: Bend Space        |       |     8 |    20 |    27 ||    55
       Banish            |       |       |       |     3 ||     3
Evoke: Wand              |       |       |     1 |       ||     1
  Use: Scroll            |     5 |     4 |     5 |     3 ||    17
       Potion            |       |     1 |     1 |       ||     2
 Stab: Distracted        |       |       |       |     1 ||     1
  Eat: Chunk             |     2 |     8 |     8 |     1 ||    19
       Ration            |       |     1 |     2 |     3 ||     6
Armor: Chain mail        |    78 |   103 |   100 |   114 ||   395
       Scale mail        |       |       |    91 |       ||    91
Dodge: Dodged            |    39 |    51 |   171 |    69 ||   330
Block: Buckler           |       |       |    20 |    29 ||    49
       Rpst.: Falchion   |    14 |    14 |    52 |    22 ||   102
